 Dungeon Sprint DCSS version 0.21-a0-278-ga722497 (webtiles) character file.

627 Glitchraptor the Fighter (level 7, -10/89 HPs)
             Began as an Ogre Berserker on Sept 22, 2017.
             Was a Priest of Trog.
             Succumbed to Sonja's poison
             ... in the Dungeon (Sprint I: "Red Sonja").
             The game lasted 00:01:33 (750 turns).

Glitchraptor the Fighter (Ogre Berserker)            Turns: 750, Time: 00:01:34

Health: -10/89     AC:  5    Str: 22    XL:     7   Next: 47%
Magic:  7/7        EV: 13    Int:  8    God:    Trog [***...]
Gold:   164        SH:  0    Dex: 10    Spells: 6/6 levels left

rFire    . . .     SeeInvis .   k - +0 giant spiked club
rCold    . . .     Gourm    .   (shield currently unavailable)
rNeg     + . .     Faith    .   j - +2 robe {rN+}
rPois    .         Spirit   .   (helmet restricted)
rElec    .         Reflect  .   (no cloak)
rCorr    .         Harm     .   (gloves unavailable)
MR       .....     NoTele   +   (boots unavailable)
Stlth    +.........             (no amulet)
HPRegen  0.24/turn              (no ring)
MPRegen  0.10/turn              (no ring)

@: lethally poisoned (-10 -> -97), berserk cooldown, slowed, very slow
A: unfitting armour, tough skin 1
a: Berserk, Trog's Hand, Burn Spellbooks, Renounce Religion


You were in the Dungeon.
You worshipped Trog.
Trog was most pleased with you.
You were not hungry.

You visited 1 branch You collected 325 gold pieces.
You spent 161 gold pieces at shops.

Inventory:

Hand Weapons
 a - a +0 mace
 k - a +0 giant spiked club (weapon)
Armour
 b - a +0 animal skin
 j - a +2 robe of positive energy (worn)
Scrolls
 i - a scroll of blinking
Potions
 e - a potion of heal wounds
 f - a potion of haste
 g - 2 potions of magic
 h - a potion of berserk rage


   Skills:
 + Level 11.9 Fighting
 + Level 9.7 Maces & Flails
 + Level 8.1 Dodging


You had 6 spell levels left.
You didn't know any spells.

Dungeon Overview and Level Annotations

Branches:
Dungeon (1/1)

Altars:
Cheibriados
Dithmenos
Elyvilon
Fedhas
Gozag
Hepliaklqana
Kikubaaqudgha
Makhleb
Nemelex Xobeh
Okawaru
Qazlal
Ru
Sif Muna
Trog
Uskayaw
Vehumet
Wu Jian
Xom
Yredelemnul
Zin
The Shining One
Jiyva
Lugonu

Shops:
D [

Annotations:
D Sonja


Innate Abilities, Weirdness & Mutations

You are too large for most types of armour.
You have tough skin. (AC +1)


Message History

* * * LOW HITPOINT WARNING * * *
You feel extremely sick.
Sonja hits you with an uncursed dagger of venom.
* * * LOW HITPOINT WARNING * * *
Sonja barely misses you.
Sonja hits you with an uncursed dagger of venom.
* * * LOW HITPOINT WARNING * * *
You are more poisoned.
Sonja closely misses you.
Sonja hits you with an uncursed dagger of venom.
* * * LOW HITPOINT WARNING * * *
You are more poisoned.
Sonja hits you with an uncursed dagger of venom.
* * * LOW HITPOINT WARNING * * *
You are more poisoned.
Sonja hits you with an uncursed dagger of venom.
* * * LOW HITPOINT WARNING * * *
Sonja closely misses you. x2
You barely miss Sonja.
You die...

#<.#..'..#..'..#__#
#..)..#..').#..'..+
#..#####'#####'#__#
#..####..#...#.####
#..#__####..##.#
#..#_____##'#_.+
#⌠⌠#_.∩...'.(._#
####_..__##_(#'#
#_____###@#.#
#########K### +$.$+
#$.$# ##(## #+#


You could see Sonja.

Vanquished Creatures
  A slime creature (D)
  Sigmund (D)
  A yak (D)
  An ogre (D)
  A jelly (D)
  Ijyb (D)
6 creatures vanquished.

Notes
Turn   | Place    | Note
-------+----------+-------------------------------------------
     0 | D        | Glitchraptor the Ogre Berserker began the quest for the Orb.
     0 | D        | Reached XP level 1. HP: 24/24 MP: 1/1
     2 | D        | Noticed Ijyb
     8 | D        | Killed Ijyb
     8 | D        | Reached skill level 5 in Fighting
     8 | D        | Reached XP level 2. HP: 36/36 MP: 2/2
     8 | D        | Reached XP level 3. HP: 44/44 MP: 3/3
    57 | D        | Noticed an ogre
    61 | D        | Killed an ogre
    61 | D        | Reached skill level 8 in Fighting
    61 | D        | Reached skill level 5 in Maces & Flails
    61 | D        | Reached skill level 5 in Dodging
    61 | D        | Reached XP level 4. HP: 57/57 MP: 4/4
   116 | D        | Noticed Sigmund
   126 | D        | Killed Sigmund
   126 | D        | Reached ** piety under Trog
   126 | D        | Reached skill level 10 in Fighting
   126 | D        | Reached XP level 5. HP: 32/68 MP: 5/5
   126 | D        | Reached XP level 6. HP: 37/78 MP: 6/6
   316 | D        | Found an ornate altar of the Wu Jian Council.
   316 | D        | Found a deep blue altar of Sif Muna.
   318 | D        | Found a radiant altar of Vehumet.
   419 | D        | Found Cojurchu's Armour Emporium.
   419 | D        | Found an ancient bone altar of Kikubaaqudgha.
   419 | D        | Found a hazy altar of Hepliaklqana.
   419 | D        | Found a stormy altar of Qazlal.
   419 | D        | Found a hide-covered altar of Uskayaw.
   419 | D        | Found a blossoming altar of Fedhas.
   419 | D        | Found a bloodstained altar of Trog.
   419 | D        | Found an iron altar of Okawaru.
   419 | D        | Found a basalt altar of Yredelemnul.
   419 | D        | Found a glowing golden altar of the Shining One.
   419 | D        | Found a snail-covered altar of Cheibriados.
   419 | D        | Found a sacrificial altar of Ru.
   419 | D        | Found a glowing silver altar of Zin.
   419 | D        | Found a shadowy altar of Dithmenos.
   419 | D        | Found a white marble altar of Elyvilon.
   419 | D        | Noticed a yak
   424 | D        | Killed a yak
   424 | D        | Reached skill level 11 in Fighting
   424 | D        | Reached XP level 7. HP: 51/88 MP: 7/7
   444 | D        | Found an opulent altar of Gozag.
   445 | D        | Found a sparkling altar of Nemelex Xobeh.
   579 | D        | Bought a +2 robe of positive energy for 161 gold pieces
   609 | D        | Found a burning altar of Makhleb.
   609 | D        | Found a viscous altar of Jiyva.
   609 | D        | Found a shimmering altar of Xom.
   609 | D        | Found a corrupted altar of Lugonu.
   609 | D        | Noticed a slime creature
   615 | D        | Killed a slime creature
   615 | D        | Reached *** piety under Trog
   737 | D        | Noticed Sonja
   749 | D        | HP: 4/89 [Sonja/uncursed dagger of venom (1)]
   750 | D        | Succumbed to Sonja's poison

Vault maps used:
D:        dungeon_sprint_1

Skill      XL: |  1  2  3  4  5  6  7 |
---------------+----------------------+-----
Fighting       | 5 8 10 11 | 11.9
Maces & Flails | 4 5 7 8 9 |  9.7
Dodging        | 4 5 6 7 8 |  8.1

Action                   |  1- 3 |  4- 6 |  7- 9 || total
-------------------------+-------+-------+-------++-------
Melee: Mace              |     8 |       |       ||     8
       Giant spiked club |       |    18 |    10 ||    28
Invok: Berserk           |     2 |       |     1 ||     3
  Use: Scroll            |       |       |     1 ||     1
       Potion            |       |       |     1 ||     1
  Eat: Bread ration      |       |       |     1 ||     1
Armor: Animal skin       |     1 |     2 |       ||     3
       Robe              |       |       |     4 ||     4
Dodge: Dodged            |     3 |     8 |    20 ||    31

Table legend:
 A = Spawn XP
 B = Non-spawn XP
 C = Spawn XP percentage of total XP
 D = Spawn monster count
 E = Non-spawn monster count
 F = Spawn count percentage of total count
 G = Total turns spent on level
                    A         B        C        D         E        F      G
               +---------+---------+-------+---------+---------+-------+---------
         Total |       0 |     896 |   0.0 |       0 |       6 |   0.0 |   750
               +---------+---------+-------+---------+---------+-------+---------
             D |       0 |     896 |   0.0 |       0 |       6 |   0.0 |   750
               +---------+---------+-------+---------+---------+-------+---------
